[Event "12th Maria Albulet Memorial 2019"]
[Site "Braila"]
[Date "2019.10.09"]
[Round "9.8"]
[White "Maria, Lia-Alexandra"]
[Black "Verbin, Valentina"]
[Result "1/2-1/2"]
[ECO "B90"]
[WhiteElo "1602"]
[BlackElo "2076"]
[Annotator "NA RC"]
[PlyCount "101"]
[EventDate "2019.10.02"]
[EventType "swiss"]
[EventCountry "ROU"]
[SourceTitle "playchess.com"]
[Source "ChessBase"]
[SourceQuality "1"]
[TimeControl "40/5400+30:900+30"]

1. e4 c5 2. Nf3 d6 3. d4 cxd4 4. Nxd4 Nf6 5. Nc3 a6 ({Predecessor:} 5... e6 6. Be3 {0-1 (34) Eickhoff,H (2190)-Lunkmoss,G Germany 1996}) 6. Be3 e6 7. g4 h6 8. Rg1 Nc6 9. h4 {[%emt 0:24:41] B81: Sicilian Scheveningen: Keres Attack} d5 $146 (9... h5 10. gxh5 Rxh5 11. Bg5 Rh8 12. Be2 Bd7 13. Qd2 Qb6 14. Nb3 Qc7 15. O-O-O b5 16. a3 Rb8 {½-½ (49) Bacrot,E (2697)-Ivanchuk,V (2726) Berlin 2015}) 10. exd5 Nxd5 11. Nxd5 Qxd5 12. Bg2 Qa5+ $1 13. c3 Bd7 14. Qb3 Qc7 15. O-O-O Na5 16. Qc2 Nc4 17. Rge1 Be7 18. Kb1 Rc8 ({Better is} 18... Bxh4 $11 19. Bc1 O-O-O) 19. Bc1 b5 $1 20. g5 b4 {[%emt 0:10:25] [#]} ({Black should try} 20... hxg5 $14 21. hxg5 b4) 21. g6 (21. gxh6 $1 $18 Rxh6 22. Bxh6 gxh6 23. cxb4) 21... bxc3 22. gxf7+ Kf8 23. b3 ({Reject} 23. Qxc3 e5 $11) (23. bxc3 $14 e5 24. Nb3) 23... Qb6 $2 (23... e5 $14) 24. Qg6 $2 (24. Bh3 $18 Nd2+ 25. Bxd2 cxd2 26. Qxd2) 24... Nd2+ 25. Bxd2 Qxd4 26. Be3 {[%emt 0:00:46] Pin} Qb4 $2 (26... Qxd1+ $14 27. Rxd1 c2+ 28. Qxc2 Rxc2 29. Kxc2 Bc8) 27. Qc2 Bb5 (27... Bc6 {was necessary.} 28. Bxc6 Rxc6) 28. Rd4 $2 (28. Bh3 $18 {and White stays clearly on top.} Bf6 29. Bxe6) 28... Qa3 $1 $11 29. Bc1 (29. Bf4 $18) 29... Qc5 30. Be3 (30. Rf4 $16) 30... Qf5 $2 {[%emt 0:03:47] [#]} 31. Be4 $1 Qf6 ({Of course not} 31... Qxf7 32. Bg6) 32. Red1 $2 (32. Bg6 $18 {and White stays clearly on top.}) 32... e5 ({Don't go for} 32... Qxf7 $2 33. Bg6 $18) 33. Rd5 Bc6 $1 34. Qxc3 Bb7 35. Qd3 Bxd5 36. Bxd5 g6 $2 {[%emt 0:04:18] [#]} ({Black should play} 36... h5 $14) 37. Rg1 (37. f4 $1 $18 {[%cal Rf4e5] is the precise move to win.} Rd8 38. fxe5) 37... Rd8 38. Rxg6 Rxd5 {[%emt 0:15:08] [#]} 39. Rg8+ $1 {[%emt 0:03:34] Decoy} Rxg8 40. fxg8=Q+ Kxg8 41. Qxd5+ Kg7 42. Kc2 (42. Qb7 $142) 42... Qf5+ 43. Kb2 (43. Kd2 $16) 43... Bf6 $2 (43... Bxh4 $11 44. Qb7+ Kg6) 44. Qb7+ Kg6 45. Qxa6 e4+ 46. Kc1 Qe5 47. Qc4 Qa1+ 48. Kc2 Qxa2+ 49. Kd1 Qb1+ $16 50. Kd2 Qb2+ 51. Kd1 1/2-1/2